Map: Void Thrashing

Players

sTkmonk

  • Race: Terran Terran
  • Spawn Location: 9:00

monk

  • Race: Zerg Zerg

VOD

Have the link to the VOD?

Description

Time

  • Played on: July 19, 2017, 4:30 p.m.
  • Length: 13:56
Show
View Real Time Build Order
Export as new Build Order

sTkmonk Terran 

Build Orders:  

Get SALT Encoding   

Show
View Real Time Build Order
Export as new Build Order

monk Zerg 

Build Orders:  

Get SALT Encoding   

  12  0:06  Infested SCV  
  13  0:13  Infested SCV  
  13  0:19  Infested SCV  
  15  1:05  Infested Command Center  
  15  1:15  Overlord  
  15  1:40  Infested SCV  
  15  1:41  Infested SCV x3  
  15  1:42  Infested SCV  
  20  1:51  Infested Refinery  
  20  1:57  Infested SCV  
  21  2:06  Infested Refinery  
  21  2:13  Infested SCV  
  22  2:32  Infested Barracks, Infested SCV  
  23  2:47  Infested SCV  
  23  2:48  Infested SCV x2  
  26  2:53  Infested SCV  
  27  3:01  Infested Colonist Compound  
  27  3:03  Anaerobic Enhancement  
  27  3:07  Infested SCV  
  28  3:12  Infested SCV  
  28  3:16  Infested SCV  
  30  3:27  Infested SCV  
  31  3:37  Infested SCV x2  
  33  3:50  Infested Command Center  
  33  3:58  Infested SCV x2  
  26  4:10  Infestation Level 1  
  35  4:21  Overlord  
  35  4:23  Infested SCV x2  
  35  4:24  Infested SCV  
  38  4:37  Infested Engineering Bay  
  38  4:53  Infested Factory  
  38  4:54  Infested SCV x2  
  38  4:57  Infested SCV  
  38  4:58  Infested SCV  
  42  5:09  Overlord  
  42  5:10  Infested SCV  
  42  5:17  Stukov Infantry Weapons Level 1  
  43  5:27  Overlord  
  43  5:36  Infested Bunker  
  47  5:40  Infested SCV  
  47  5:43  Infested SCV  
  47  5:44  Overlord  
  49  6:09  Broodling Gestation  
  49  6:10  Infested Barracks Tech Lab  
  49  6:17  Infested Armory  
  49  6:19  Infested Engineering Bay  
  53  6:23  Infested Bunker  
  53  7:09  Infested Bunker  
  57  7:15  Regenerative Plating  
  57  7:28  Aggressive Incubation  
  57  7:36  Infested Bunker  
  57  7:39  Infestation Level 2  
  65  7:58  Infested Bunker, Stukov Infantry Weapons Level 2  
  69  8:10  Infested Bunker  
  69  8:11  Infested Bunker  
  69  8:17  Infested Bunker  
  69  8:28  Overlord  
  69  8:29  Overlord x2  
  69  8:39  Plagued Munitions  
  69  8:40  Infested Bunker  
  73  9:04  Infested Bunker  
  73  9:05  Overlord  
  73  9:06  Infested Bunker  
  73  9:07  Infested Bunker  
  81  9:29  Overlord  
  85  9:30  Overlord, Infested Bunker  
  85  9:53  Calcified Armor  
  85  10:09  Retinal Augmentation  
  89  10:20  Infested Bunker  
  97  10:44  Infested Bunker  
  97  10:45  Infested Bunker  
  97  10:59  Infested Bunker  
  93  11:06  Infested Barracks  
  93  11:07  Infested Barracks  
  89  11:14  Infested Bunker  
  89  11:15  Infested Colonist Compound  
  85  11:47  Overlord x2  
  85  11:48  Overlord  
  85  12:09  Infested Barracks, Infested Marine  
  86  12:10  Infested Marine x14  
  86  12:11  Infested Marine x8  
  86  12:12  Infested Marine  
  109  12:22  Infested Marine x3  
  109  12:23  Infested Marine x3  
  115  12:37  Infested Marine  
  115  12:38  Infested Marine x3  
  116  12:45  Infested Marine x4  
  116  12:46  Infested Marine x4  
  116  12:47  Infested Marine x2  
  116  12:49  Infested Marine  
  116  12:50  Infested Marine  
Tags
 
Commander
RaynorStukov
Matchup
Co-op
Replay Pack
Co-op Speedrun
Add a new tag
Caveats
  • Supply blocks, unpowered buildings, or Contaminate may cause inaccurate times.
  • Supply counts are checked every 10 seconds.